 Dungeon Crawl Stone Soup version 0.30-a0-457-g4b7bca3bfa (webtiles) character file.

Game seed: 9365902904029781515

114800 zishaf the Impassioned (level 16, -1/99 HPs)
             Began as a Vine Stalker Brigand on Dec 13, 2022.
             Was a High Priest of Uskayaw.
             Killed from afar by an elemental wellspring (25 damage)
             ... with a torrent of water
             ... on level 1 of the Shoals.
             The game lasted 01:01:24 (25578 turns).

zishaf the Impassioned (Vine Stalker Brigand)      Turns: 25578, Time: 01:01:25

Health: -1/99      AC: 29    Str: 20    XL:     16   Next: 66%
Magic:  0/29       EV: 11    Int: 15    God:    Uskayaw [*****.]
Gold:   271        SH:  9    Dex: 21    Spells: 15/15 levels left

rFire   . . .      SeeInvis .    a - +1 quick blade "Lomehoamp" {holy, *Noise +Blink rPois rN++}
rCold   . . .      Faith    +    K - +1 buckler {AC+3}
rNeg    + + .      Spirit   +    V - +8 chain mail "Ijourium" {Int+6}
rPois   +          Reflect  .    T - +0 helmet "Coergh" {Slay+2 Stlth+}
rElec   .          Harm     .    H - +1 cloak
rCorr   .          Rampage  .    f - +1 pair of gloves
Will    ++...                    s - +0 pair of boots
Stlth   ++........               i - amulet of faith
HPRegen 1.16/turn                g - +4 ring of evasion
MPRegen 0.21/turn                v - ring "Qiek" {AC+4 Dex+3}

@: very slow
A: fangs 3, regeneration 1, magic shield, antimagic bite, no potion heal 2,
dopey 1, robust 1, wild magic 1
a: Renounce Religion, Evoke Blink, Stomp, Line Pass, Grand Finale


You were on level 1 of the Shoals.
You worshipped Uskayaw.
Uskayaw was most pleased with you.
You visited 6 branches of the dungeon, and saw 26 of its levels.
You also visited: Volcano.

You collected 2511 gold pieces.
You spent 2240 gold pieces at shops.

Inventory:

Hand Weapons
 a - the +1 quick blade "Lomehoamp" (weapon) {holy, *Noise +Blink rPois rN++}
   (You bought it in a shop on level 2 of the Orcish Mines)

   It has been blessed by the Shining One to cause great damage to the undead
   and demons.
   rPois:     It protects you from poison.
   rN:        It greatly protects you from negative energy.
   +Blink:    It lets you blink.
   *Noise:    It may make noises in combat.
 N - a +2 quick blade
 W - the +7 great sword of the Warrior-Mage {vorpal, rCorr}
   (You found it on level 13 of the Dungeon)

   It inflicts extra damage upon your enemies.
   rCorr:     It protects you from acid and corrosion.
Missiles
 d - 76 poisoned darts
 j - 6 atropa-tipped darts
 n - 5 datura-tipped darts
 J - 2 throwing nets
 S - 23 boomerangs (quivered)
 U - 8 javelins
 X - 3 curare-tipped darts
Armour
 f - a +1 pair of gloves (worn)
 s - a +0 pair of boots (worn)
 t - a +0 kite shield
 H - a +1 cloak (worn)
 K - a +1 buckler of protection (worn)
 L - a +2 hat of see invisible
 O - a +2 robe of fire resistance
 T - the +0 helmet "Coergh" (worn) {Slay+2 Stlth+}
   (You acquired it on level 13 of the Dungeon)

   Slay:      It affects your accuracy & damage with ranged weapons and melee
   (+2).
   Stlth:     It makes you more stealthy.
 V - the +8 chain mail "Ijourium" (worn) {Int+6}
   (You acquired it on level 13 of the Dungeon)

   Int:       It affects your intelligence (+6).
Jewellery
 g - a +4 ring of evasion (left hand)
 i - an amulet of faith (around neck)
 p - a ring of ice
 v - the ring "Qiek" (right hand) {AC+4 Dex+3}
   (You found it on level 5 of the Lair of Beasts)

   [ring of protection]

   AC:        It affects your AC (+4).
   Dex:       It affects your dexterity (+3).
 M - a ring of fire
Wands
 y - a wand of flame (32)
 C - a wand of paralysis (17)
 E - a wand of quicksilver (17)
 P - a wand of mindburst (11)
 R - a wand of roots (7)
Scrolls
 l - 7 scrolls of teleportation
 m - 2 scrolls of magic mapping
 x - 2 scrolls of poison
 B - 2 scrolls of fear
 D - 3 scrolls of enchant armour
 G - 2 scrolls of summoning
 Y - a scroll of fog
Potions
 h - 4 potions of flight
 k - 3 potions of ambrosia
 o - 2 potions of cancellation
 q - 2 potions of might
 r - a potion of brilliance {unknown}
 u - 4 potions of lignification
 w - 3 potions of magic
 z - 10 potions of curing
 A - 3 potions of mutation
 F - 3 potions of resistance
 I - 3 potions of haste
 Q - 6 potions of attraction
Miscellaneous
 b - a tin of tremorstones (2/2)
 c - a lightning rod (4/4)
 e - a condenser vane


   Skills:
 + Level 12.8 Fighting
 - Level 8.0 Short Blades
 + Level 5.3 Throwing
 - Level 1.0 Dodging
 - Level 14.0 Stealth
 - Level 11.1 Shields
 + Level 16.8 Invocations
 - Level 8.0 Evocations


You had 15 spell levels left.
You didn't know any spells.
Your spell library contained the following spells:

 Spells                   Type           Power      Damage    Failure   Level
 Summon Small Mammal      Summ           0%         N/A       99%         1
 Blink                    Tloc           0%         N/A       100%        2
 Call Canine Familiar     Summ           0%         N/A       100%        3
 Frozen Ramparts          Ice            0%         1d1       100%        3
 Gell's Gravitas          Tloc           0%         N/A       100%        3
 Ignite Poison            Fire/Tmut/Pois 0%         N/A       100%        3
 Kindle Blastsparks       Fire/Tloc/Air  0%         2d10      100%        3
 Portal Projectile        Hex/Tloc       0%         N/A       100%        3
 Stone Arrow              Conj/Erth      0%         3d7       100%        3
 Summon Guardian Golem    Hex/Summ       0%         N/A       100%        3
 Teleport Other           Tloc           0%         N/A       100%        3
 Tukima's Dance           Hex            0%         N/A       100%        3
 Airstrike                Air            0%         2d(0-16)  100%        4
 Animate Armour           Summ/Erth      0%         N/A       100%        4
 Ice Form                 Ice/Tmut       0%         N/A       100%        4
 Manifold Assault         Tloc           0%         N/A       100%        4
 Summon Ice Beast         Ice/Summ       0%         N/A       100%        4
 Summon Lightning Spire   Summ/Air       0%         N/A       100%        4
 Blade Hands              Tmut           0%         N/A       100%        5
 Freezing Cloud           Conj/Ice/Air   0%         6-21      100%        5
 Lightning Bolt           Conj/Air       0%         1d11      100%        5
 Dispersal                Tloc           0%         N/A       100%        6
 Storm Form               Tmut/Air       0%         N/A       100%        7
 Lehudib's Crystal Spear  Conj/Erth      0%         10d2      100%        8


Dungeon Overview and Level Annotations

Branches:
Dungeon (15/15)            Temple (1/1) D:4            Lair (5/5) D:9
 Shoals (2/4) Lair:3       Spider (1/4) Lair:3        Slime (0/5) Lair:5
    Orc (2/2) D:10            Elf (0/3) Orc:2        Vaults (0/5) D:13
 Depths (0/4) D:15        Volcano (visited)

Altars:
Ashenzari
Cheibriados
Dithmenos
Elyvilon
Fedhas
Gozag
Hepliaklqana
Kikubaaqudgha
Makhleb
Nemelex Xobeh
Okawaru
Qazlal
Ru
Sif Muna
Trog
Uskayaw
Vehumet
Wu Jian
Xom
Yredelemnul
Zin
The Shining One
Jiyva

Shops:
Orc:1 *   Orc:2 [(([

Annotations:
Lair:3 2 transporters, Piups's ghost, journeyman DsIE


Innate Abilities, Weirdness & Mutations

You have razor-sharp teeth.
Your natural rate of healing is unusually fast.
When hurt, damage is shared between your health and your magic reserves.
Your bite disrupts and absorbs the magic of your enemies.
Potions cannot restore your health.
You are dopey. (Int -2)
You are robust. (+10% HP)
Your spells are a little harder to cast, but a little more powerful.


Message History

Okay, then.
You hit the water elemental. You bite the water elemental. You drain its power.
The water elemental is moderately damaged.
You block the water elemental's attack.
You hit the water elemental. You bite the water elemental. You drain its power.
The water elemental is severely damaged.
Your unstable footing causes you to fumble your attack.
You hit the water elemental.
You bite the water elemental, but do no damage.
The water elemental is severely damaged.
You block the water elemental's attack.
Your unstable footing causes you to fumble your attack.
You hit the water elemental but do no damage.
The water elemental is severely damaged.
The water elemental is no longer sharing its pain.
You hit the water elemental. You bite the water elemental. You drain its power.
The water elemental is almost destroyed.
The water elemental hits you.
The water elemental engulfs you in water!
You can now merge with and destroy a victim.
Your unstable footing causes you to fumble your attack.
* * * LOW HITPOINT WARNING * * *
Your lungs strain for air!
Your unstable footing causes you to fumble your attack.
* * * LOW HITPOINT WARNING * * *
Your lungs strain for air!
You hit the water elemental. Your bite misses the water elemental.
The water elemental is almost destroyed.
* * * LOW HITPOINT WARNING * * *
Your lungs strain for air!
The water elemental hits you.
You slip free of the water engulfing you.
You gasp with relief as air once again reaches your lungs.
Splash!
You fall into the shallow water.
Moving in this stuff is going to be slow.
The water elemental closely misses you.
A torrent of water rises up through the elemental wellspring!
The torrent of water hits you!!
You die...

..# #.......~~~##≈≈≈≈E##........~
..# #.......~#≈≈##≈≈≈##..#.......
~.###.......~~~~~#≈≈~#~..........
≈~..........~~#~~#~~~#~.#........
≈≈≈≈.......~~~~~~#~~~#..........#
)≈≈~......~~...#~##~##.#...~~~~~^
..##..~..~~~...E~~~~~~....~~~~~~.
..##.≈≈~~~~...~E#E#~#~#~~~~....~~
~.....~≈~~.....E@[~?~~~~~~.......
.....................~~~~~.......
......##..(...........~~~~.......
~~~...##.........:....~~~~.......
~~~...##...............~~~~~.....
...#..............#######~~~~~...
...##.............#.(.)~#~~~~~..>
~.......~........~#.|~~~#~.......
~~....~~≈≈~.###..~#~~~(~'...)....


You could see an elemental wellspring (pain bonded) and 3 water elementals.

Vanquished Creatures
  Rupert (Lair:4)
  Gastronok (D:11)
  The ghost of purpskrrrp the Bludgeoner, an adept GrFi of Trog (Shoals:1)
  An orc warlord (Orc:2)
  A stone giant (D:15)
  An entropy weaver (Spider:1)
  Josephine (Lair:5)
  Fannar (D:11)
  5 hydras
  Harold (D:9)
  2 catoblepae
  A merfolk aquamancer (Shoals:1)
  An ogre mage (D:15)
  5 centaur warriors
  A vault guard (D:13)
  Erica (D:10)
  9 two-headed ogres
  6 tengu warriors
  Urug (Lair:5)
  2 boulder beetles (D:12)
  An orc high priest (Orc:2)
  Sonja (Lair:3)
  Amaemon (Lair:3)
  3 skeletal warriors (D:15)
  2 salamander mystics (Volcano)
  3 sea snakes (Shoals:1)
  A steelbarb worm (Spider:1)
  A lindwurm (Lair:5)
  2 wizards
  2 orc knights
  3 harpies (Shoals:1)
  A faun (Shoals:1)
  4 deep elf pyromancers
  4 orc sorcerers (Orc:2)
  6 cyclopes
  A salamander (shapeshifter) (D:15)
  5 manticores
  4 salamanders
  2 oklob plants (Lair:2)
  22 ugly things
  10 elephants
  8 cane toads
  5 water nymphs (Shoals:1)
  2 merfolk sirens (Lair:3)
  3 black mambas
  5 molten gargoyles (Volcano)
  12 centaur zombies (D:13)
  5 gargoyles
  2 torpor snails
  2 unseen horrors (D:12)
  Psyche (D:11)
  An orange demon (Lair:3)
  Maggie (Lair:2)
  4 komodo dragons
  4 rime drakes
  2 kobold demonologists (D:10)
  An efreet (D:13)
  8 polar bears
  6 merfolk
  A wind drake (Shoals:1)
  6 trolls
  11 slime creatures
  4 hornets
  2 dream sheep (Lair:5)
  5 blink frogs (Lair:5)
  A meliai zombie (D:13)
  Sigmund (D:3)
  2 jumping spiders (Spider:1)
  3 shadows
  11 spriggans
  4 water elementals (Shoals:1)
  8 wyverns
  7 wraiths
  A vampire (D:10)
  33 yaks
  4 basilisks
  4 steam dragons
  A fire elemental (Lair:1)
  11 humans (D:13)
  A redback (Spider:1)
  Edmund (D:6)
  Menkaure (D:5)
  10 vampire mosquitoes
  2 wargs (Orc:2)
  An acid dragon (D:8)
  2 hell hounds (Lair:5)
  14 water moccasins
  29 orc warriors
  6 black bears
  An ice beast (D:6)
  A sky beast (D:7)
  8 ogres
  8 boggarts
  25 wolves
  6 centaurs
  A phantom (D:10)
  4 kobold brigands
  10 bullfrogs
  5 scorpions
  3 wights (D:6)
  5 troll zombies (D:10)
  2 electric eels
  5 howler monkeys
  15 jellies
  7 hounds
  2 gnoll boudas (D:7)
  21 orc priests
  Ijyb (D:3)
  2 hell rats (Lair:3)
  3 iguanas
  26 orc wizards
  3 ogre zombies (D:10)
  17 gnolls
  8 adders
  7 river rats (Lair:3)
  2 worms (Lair:3)
  A dart slug (D:4)
  87 orcs
  5 ball pythons
  4 bats
  6 endoplasms
  9 giant cockroaches
  3 goblins
  3 hobgoblins
  2 quokkas
  2 goblin skeletons (D:10)
  3 goblin zombies (D:10)
  2 hobgoblin skeletons (D:10)
  2 hobgoblin zombies (D:10)
  26 kobolds
  4 orc skeletons (D:10)
  12 orc zombies (D:10)
  2 rats
752 creatures vanquished.

Vanquished Creatures (collateral kills)
  3 blink frogs (Lair:2)
  An orc (D:3)
4 creatures vanquished.

Vanquished Creatures (others)
  A water nymph (Shoals:1)
  An orc (D:3)
  56 fungi
  34 plants
92 creatures vanquished.

Grand Total: 848 creatures vanquished

Notes
Turn   | Place    | Note
-------+----------+-------------------------------------------
     0 | D:1      | zishaf the Vine Stalker Brigand began the quest for the
                  | Orb.
     0 | D:1      | Reached XP level 1. HP: 11/11 MP: 2/2
   198 | D:1      | You fall into a shaft and drop 1 floor!
   249 | D:2      | Reached skill level 1 in Dodging
   249 | D:2      | Reached skill level 5 in Stealth
   249 | D:2      | Reached XP level 2. HP: 5/15 MP: 3/3
   635 | D:1      | Reached XP level 3. HP: 18/18 MP: 4/4
  1943 | D:3      | Noticed Sigmund
  1955 | D:3      | Killed Sigmund
  1956 | D:3      | Gained mutation: Your natural rate of healing is unusually
                  | fast. [Vine Stalker growth]
  1956 | D:3      | Reached XP level 4. HP: 19/24 MP: 5/5
  1956 | D:3      | Reached XP level 5. HP: 22/28 MP: 6/6
  1956 | D:3      | Reached XP level 6. HP: 25/32 MP: 7/7
  2131 | D:3      | Noticed Ijyb
  2148 | D:3      | Killed Ijyb
  2547 | D:4      | Found a burning altar of Makhleb.
  2547 | D:4      | Found a white marble altar of Elyvilon.
  2556 | D:4      | Found a staircase to the Ecumenical Temple.
  2570 | Temple   | Entered the Ecumenical Temple
  2601 | Temple   | Became a worshipper of Uskayaw the Reveller
  2715 | D:4      | Reached * piety under Uskayaw
  2717 | D:4      | Reached ** piety under Uskayaw
  2723 | D:4      | Reached *** piety under Uskayaw
  2829 | D:4      | Reached skill level 1 in Invocations
  2961 | D:4      | Reached XP level 7. HP: 33/37 MP: 9/9
  3489 | D:4      | Reached skill level 2 in Invocations
  3629 | D:5      | Entered Level 5 of the Dungeon
  3933 | D:5      | Noticed Menkaure
  3941 | D:5      | Killed Menkaure
  3942 | D:5      | Reached skill level 3 in Invocations
  4088 | D:5      | Reached **** piety under Uskayaw
  4255 | D:5      | Gained mutation: You have razor-sharp teeth. [Vine Stalker
                  | growth]
  4255 | D:5      | Reached XP level 8. HP: 32/42 MP: 8/11
  4416 | D:5      | Reached skill level 4 in Invocations
  4469 | D:5      | Reached skill level 1 in Shields
  4514 | D:6      | Reached skill level 5 in Fighting
  4514 | D:6      | Reached skill level 5 in Short Blades
  4597 | D:6      | Reached skill level 5 in Invocations
  4689 | D:6      | Noticed Edmund
  4698 | D:6      | Reached ***** piety under Uskayaw
  4705 | D:6      | Reached ****** piety under Uskayaw
  4707 | D:6      | Killed Edmund
  4708 | D:6      | Reached XP level 9. HP: 17/47 MP: 2/14
  4713 | D:6      | Reached skill level 6 in Invocations
  5293 | D:6      | Found a bloodstained altar of Trog.
  6128 | D:7      | Reached skill level 7 in Invocations
  6421 | D:7      | Found a sacrificial altar of Ru.
  6694 | D:8      | Noticed a hornet
  6705 | D:8      | Paralysed by a hornet for 1 turns
  6712 | D:8      | Killed a hornet
  6829 | D:8      | Noticed a troll
  6854 | D:8      | Killed a troll
  6855 | D:8      | Reached XP level 10. HP: 51/53 MP: 16/16
  6857 | D:8      | Reached skill level 8 in Invocations
  7288 | D:9      | Noticed a two-headed ogre
  7291 | D:9      | Killed a two-headed ogre
  7292 | D:9      | Reached skill level 1 in Evocations
  7378 | D:9      | Noticed a white ugly thing
  7389 | D:9      | Killed a white ugly thing
  7390 | D:9      | Reached skill level 5 in Shields
  7390 | D:9      | Reached skill level 9 in Invocations
  7613 | D:9      | Reached XP level 11. HP: 58/58 MP: 19/19
  7640 | D:9      | Found a staircase to the Lair.
  7795 | D:9      | Noticed Harold
  8246 | D:9      | Killed Harold
  8301 | D:10     | Entered Level 10 of the Dungeon
  8466 | D:10     | Reached skill level 10 in Invocations
  8487 | D:10     | Found a staircase to the Orcish Mines.
  8599 | D:10     | Noticed a centaur warrior
  8629 | D:10     | Killed a centaur warrior
  9106 | D:10     | Found an ancient bone altar of Kikubaaqudgha.
  9110 | D:10     | Found an ornate altar of the Wu Jian Council.
  9110 | D:10     | Found a shadowy altar of Dithmenos.
  9320 | D:10     | Noticed Erica
  9350 | D:10     | Killed Erica
  9473 | D:11     | Noticed a cyclops
  9483 | D:11     | Killed a cyclops
  9591 | D:11     | Noticed a manticore
  9595 | D:11     | Noticed Gastronok
  9601 | D:11     | Killed a manticore
  9602 | D:11     | Reached skill level 11 in Invocations
  9616 | D:11     | Killed Gastronok
  9617 | D:11     | Reached XP level 12. HP: 45/65 MP: 16/21
  9715 | D:11     | Noticed Psyche
  9730 | D:11     | Killed Psyche
 10005 | D:11     | Noticed a two-headed ogre
 10019 | D:11     | Killed a two-headed ogre
 10075 | D:11     | Noticed Fannar
 10100 | D:11     | Killed Fannar
 10393 | D:12     | Reached skill level 5 in Evocations
 10435 | D:12     | Noticed a boulder beetle
 10642 | D:12     | Noticed a boulder beetle
 10651 | D:12     | Killed a boulder beetle
 10953 | D:12     | Reached skill level 12 in Invocations
 11324 | Lair:1   | Entered Level 1 of the Lair of Beasts
 11843 | Lair:1   | Reached XP level 13. HP: 70/70 MP: 23/23
 12572 | Lair:2   | Gained mutation: You are robust. (+10% HP) [potion of
                  | mutation]
 12572 | Lair:2   | Gained mutation: You have hidden genetic defects. [potion
                  | of mutation]
 12573 | Lair:2   | Lost mutation: You are robust. (+10% HP) [potion of
                  | mutation]
 12573 | Lair:2   | Lost mutation: You have hidden genetic defects. [potion of
                  | mutation]
 12573 | Lair:2   | Gained mutation: You are dopey. (Int -2) [potion of
                  | mutation]
 12573 | Lair:2   | Gained mutation: Your spells are a little harder to cast,
                  | but a little more powerful. [potion of mutation]
 12573 | Lair:2   | Gained mutation: Your magical capacity is low. (-10% MP)
                  | [potion of mutation]
 12573 | Lair:2   | Gained mutation: You are somewhat resistant to further
                  | mutation. [potion of mutation]
 12574 | Lair:2   | Lost mutation: Your magical capacity is low. (-10% MP)
                  | [potion of mutation]
 12574 | Lair:2   | Lost mutation: You are somewhat resistant to further
                  | mutation. [potion of mutation]
 12574 | Lair:2   | Gained mutation: You are robust. (+10% HP) [potion of
                  | mutation]
 12619 | Lair:2   | Reached skill level 13 in Invocations
 13125 | Lair:2   | Noticed Maggie
 13142 | Lair:2   | Killed Maggie
 13276 | Lair:2   | You fall into a shaft and drop 2 floors!
 13368 | Lair:3   | Noticed Amaemon
 13394 | Lair:3   | Killed Amaemon
 14088 | Lair:3   | Found a hole to the Spider Nest.
 14257 | Lair:3   | Noticed Sonja
 14269 | Lair:3   | Killed Sonja
 14353 | Lair:3   | Found a transporter.
 14355 | Lair:3   | Found a staircase to the Shoals.
 14397 | Lair:3   | Found a transporter.
 14661 | Lair:3   | Noticed Piups's ghost (journeyman DsIE)
 14870 | Lair:4   | Reached skill level 10 in Fighting
 14923 | Lair:4   | Noticed Rupert
 15142 | Orc:1    | Entered Level 1 of the Orcish Mines
 15143 | Orc:1    | Found Dateedali's Gadget Gallery.
 15210 | Orc:2    | Entered Level 2 of the Orcish Mines
 15552 | Orc:2    | Reached skill level 14 in Invocations
 15554 | Orc:2    | Reached XP level 14. HP: 80/84 MP: 21/25
 15555 | Orc:2    | Found Viokkion's Antique Weapon Shop.
 15571 | Orc:2    | Bought a twisted quick blade for 680 gold pieces
 15571 | Orc:2    | Identified the +1 quick blade "Lomehoamp" {holy, *Noise
                  | +Blink rPois rN++} (You bought it in a shop on level 2 of
                  | the Orcish Mines)
 15718 | Orc:2    | Noticed an orc warlord
 15838 | Orc:2    | Killed an orc warlord
 15839 | Orc:2    | Reached skill level 10 in Stealth
 15857 | Orc:2    | Found a staircase to the Elven Halls.
 16057 | Orc:2    | Found Luysh's Armour Shop.
 16552 | Orc:2    | Found Koac Woy's Antique Armour Shoppe.
 16554 | Orc:2    | Found Boozi's Antique Weapon Emporium.
 16661 | Orc:2    | Bought a quick blade for 360 gold pieces
 17664 | D:13     | Found a basalt altar of Yredelemnul.
 17889 | D:13     | Identified 2 scrolls of acquirement
 17889 | D:13     | Acquired the +8 chain mail "Ijourium" {Int+6}
 17901 | D:13     | Acquired the +0 helmet "Coergh" {Slay+2 Stlth+}
 18005 | D:13     | Reached skill level 15 in Invocations
 18028 | D:13     | Identified the +7 great sword of the Warrior-Mage {vorpal,
                  | rCorr}
 18031 | D:13     | Found a gate to the Vaults.
 18402 | Lair:4   | Killed Rupert
 18808 | Lair:4   | Found a runed translucent door.
 19147 | Lair:5   | Entered Level 5 of the Lair of Beasts
 19260 | Lair:5   | Found a dark tunnel.
 19279 | Volcano  | Entered a volcano
 19422 | Volcano  | Reached XP level 15. HP: 70/90 MP: 21/27
 19516 | Volcano  | Noticed an orb of fire
 19567 | Volcano  | Reached skill level 10 in Shields
 19604 | Volcano  | Noticed an orb of fire
 19787 | Lair:5   | Noticed Josephine
 19800 | Lair:5   | Killed Josephine
 20300 | Lair:5   | Found a staircase to the Slime Pits.
 20301 | Lair:5   | Found a viscous altar of Jiyva.
 20935 | Lair:5   | Identified the ring "Qiek" {AC+4 Dex+3}
 21299 | Lair:5   | Noticed Urug
 21330 | Lair:5   | Killed Urug
 21995 | Lair:5   | Found a viscous altar of Jiyva.
 21995 | Lair:5   | Found a staircase to the Slime Pits.
 22515 | D:14     | Reached skill level 16 in Invocations
 22616 | Orc:1    | Bought a tin of tremorstones (2/2) for 600 gold pieces
 22616 | Orc:1    | Bought a condenser vane for 600 gold pieces
 23240 | D:15     | Entered Level 15 of the Dungeon
 23379 | D:15     | Reached XP level 16. HP: 58/96 MP: 29/29
 24211 | D:15     | Found a staircase to the Depths.
 24544 | Spider:1 | Entered Level 1 of the Spider Nest
 24613 | Shoals:1 | Entered Level 1 of the Shoals
 25099 | Shoals:1 | Reached skill level 5 in Throwing
 25194 | Shoals:1 | Found a runed translucent gate.
 25194 | Shoals:1 | Found a runed translucent gate.
 25194 | Shoals:1 | Found a runed translucent gate.
 25194 | Shoals:1 | Noticed purpskrrrp's ghost (adept GrFi)
 25291 | Shoals:1 | Killed purpskrrrp's ghost
 25578 | Shoals:1 | Killed from afar by an elemental wellspring

Illustrated notes

Levels and vault maps discovered:
D:1:      evilmike_arrival_rings, layout_basic, minmay_misc_feat_x
D:2:      layout_basic, serial_bayou_pond_d
D:3:      layout_basic, kennysheep_generic_room_10, uniq_ijyb, uniq_sigmund
D:4:      layout_basic, chequers_temple_overflow_statue_of_worship,
          temple_green, dreamdust_princess_corridor, chequers_avenue,
          minmay_misc_feat_nine_boxes, minmay_misc_feat_more_columns
D:5:      layout_basic, minmay_misc_feat_square, dreamdust_gnoll_farm,
          uniq_menkaure
D:6:      layout_layer_cave, general_overflow_altar, uniq_edmund
D:7:      layout_loops_ring, kennysheep_mini_moat
D:8:      layout_basic, solitary_fountain
D:9:      cheibrodos_steamvent, layout_basic, lair_entry_dummy, uniq_harold
D:10:     layout_loops_ring, minitemple, zombieorc2_lemuel, uniq_erica
D:11:     layout_loops_ring, uniq_gastronok, uniq_fannar, uniq_psyche
D:12:     layout_irregular_city
D:13:     layout_rooms, ximxim_vaults_locker_room,
          nicolae_yredelemnul_corpse_copse
D:14:     layout_loops_ring
D:15:     grunt_enter_depths_snipers, layout_rooms,
          chequers_serial_rivers_small_a
Temple:   minmay_freezing_vapour_temple
Lair:1:   layout_chaotic_city, serial_bayou_shore_a
Lair:2:   layout_loops_ring, grunt_forest_stairs_clearing, uniq_maggie
Lair:3:   layout_loops_ring, elwin_shoals_entry_stream,
          nicolae_spider_entry_non_spiders, gammafunk_ghost_hive,
          kennysheep_rathole, uniq_sonja, uniq_amaemon
Lair:4:   layout_roguey, nicolae_quartered_pool_super, pf_torpor_hydra,
          grunt_megastairs_5, serial_bayou_shore_b, lemuel_fruit_fields,
          uniq_rupert
Lair:5:   minmay_lair_end_enchanted_forest, layout_loops_ring,
          minmay_slime_entry_jelly_boxes, enter_volcano_3, grunt_megastairs_1,
          serial_bayou_shore_b, infiniplex_staircase_pool, uniq_urug,
          uniq_josephine
Shoals:1: layout_shoals, ebering_ghost_rock_garden,
          nicolae_shoals_spring_well_temple
Shoals:2: layout_shoals, serial_nicolae_subway, nicolae_sub_station_stone,
          nicolae_sub_station_metal, nicolae_sub_station_crystal
Spider:1: layout_spider_delve
Orc:1:    layout_diamond_mine, nicolae_orc_rockfall, nicolae_shop_gadgets
Orc:2:    grunt_orc_community_town_hall, layout_caves,
          grunt_orc_community_big_house_1, grunt_orc_community_big_house_2,
          grunt_orc_community_house_3, grunt_orc_community_house_3,
          grunt_orc_community_house_3, grunt_orc_community_house_2,
          grunt_orc_community_house_2, grunt_orc_community_house_2,
          nicolae_orc_pool_cavern

Skill      XL: |  1  2  3  4  5  6  7  8  9 10 11 12 13 14 15 16 |
---------------+-------------------------------------------------+-----
Fighting       | 2 3 4 5 6 7 8 9 10 11 12 | 12.8
Short Blades   | 2 3 4 5 6 7 8 |  8.0
Throwing       | 2 5 |  5.3
Dodging        | 1 |  1.0
Stealth        | 5 6 7 9 11 13 14 | 14.0
Invocations    | 1 3 5 7 9 11 12 14 15 16 | 16.8
Shields        | 2 4 5 6 7 8 9 11 | 11.1
Evocations     | 2 4 5 7 8 |  8.0

Action                   |  1- 3 |  4- 6 |  7- 9 | 10-12 | 13-15 | 16-18 || total
-------------------------+-------+-------+-------+-------+-------+-------++-------
Melee: Dagger            |    70 |    60 |   331 |   898 |   640 |       ||  1999
       Bite              |    16 |    17 |   111 |   370 |   988 |   230 ||  1732
       Quick blade       |       |       |       |       |  1456 |   518 ||  1974
 Fire: Sling             |       |       |    47 |       |       |       ||    47
Throw: Dart              |    15 |     6 |     2 |     2 |     9 |       ||    34
       Throwing net      |       |       |       |       |     1 |       ||     1
       Boomerang         |       |       |       |       |     1 |     7 ||     8
Invok: Grand Finale      |       |       |     1 |     2 |     8 |     3 ||    14
Evoke: Wand              |       |       |       |    15 |    12 |       ||    27
  Use: Scroll            |       |    10 |     8 |     5 |    14 |       ||    37
       Potion            |       |       |     1 |       |     5 |       ||     6
 Stab: Sleeping          |     9 |     5 |     5 |     7 |    37 |     5 ||    68
       Paralysed         |       |       |    18 |    56 |   132 |    29 ||   235
       Distracted        |       |       |     1 |     1 |     6 |     2 ||    10
       Invisible         |       |       |     1 |       |     2 |       ||     3
       Petrifying        |       |       |       |       |     1 |       ||     1
Armor: Robe              |     5 |       |       |       |       |       ||     5
       Ring mail         |    11 |    11 |   112 |    35 |       |       ||   169
       Troll leather arm |       |       |       |    15 |       |       ||    15
       Steam dragon scal |       |       |       |   148 |   183 |       ||   331
       Chain mail        |       |       |       |       |   201 |   124 ||   325
Dodge: Dodged            |    31 |    30 |   151 |   331 |   586 |    72 ||  1201
Block: Kite shield       |       |       |   113 |   322 |   781 |    25 ||  1241
       Buckler           |       |       |       |       |       |    70 ||    70

Table legend: (Time is in decaauts)
 A = Elapsed time spent in this place.
 B = Non-inter-level travel time spent in this place.
 C = Inter-level travel time spent in this place.
 D = Time resting spent in this place.
 E = Time spent auto-exploring this place.
 F = Levels seen in this place.
 G = Mean time per level.
                   A        B        C        D        E       F      G
               +--------+--------+--------+--------+--------+-----+--------+
         Total |  24128 |  21992 |   2136 |    830 |  15175 |  27 |  893.6 |
       Dungeon |  14149 |  12844 |   1305 |    332 |   9430 |  15 |  943.3 |
        Temple |     36 |     28 |      8 |      0 |     22 |   1 |   36.0 |
          Lair |   6777 |   6290 |    487 |    485 |   3859 |   5 | 1355.4 |
        Shoals |    825 |    776 |     49 |     10 |    482 |   2 |  412.5 |
   Spider Nest |     31 |     30 |      1 |      0 |      0 |   1 |   31.0 |
  Orcish Mines |   1885 |   1601 |    284 |      3 |   1150 |   2 |  942.5 |
       Volcano |    422 |    422 |      0 |      0 |    231 |   1 |  422.0 |
               +--------+--------+--------+--------+--------+-----+--------+

Top non-repeatable levels by time:
  Lair:5: 1963 daAuts
     D:6: 1428 daAuts
   Orc:2: 1359 daAuts
  Lair:1: 1351 daAuts
    D:10: 1273 daAuts
  Lair:4: 1236 daAuts
  Lair:2: 1205 daAuts
    D:11: 1138 daAuts
     D:9: 1098 daAuts
     D:4: 1096 daAuts
  Lair:3: 1020 daAuts
     D:3: 1005 daAuts
    D:12: 957 daAuts
    D:15: 891 daAuts
    D:13: 882 daAuts
